 Dungeon Crawl Stone Soup version 0.23.2-1-ga50397a6bc (webtiles) character file.

Game seed: 15858746226458959586

1689 Acheron the Chopper (level 9, -5/59 HPs)
             Began as a Halfling Fighter on May 20, 2019.
             Slain by a killer bee (8 damage)
             ... on level 9 of the Dungeon.
             The game lasted 00:26:30 (6245 turns).

Acheron the Chopper (Halfling Fighter)              Turns: 6245, Time: 00:26:31

Health: -5/59      AC:  8    Str: 22    XL:     9   Next: 22%
Magic:  11/11      EV: 13    Int:  7    God:
Gold:   249        SH: 11    Dex: 16    Spells: 8/8 levels left

rFire    . . .     SeeInvis .   a - +0 war axe
rCold    . . .     Gourm    .   c - +0 shield
rNeg     + . .     Faith    .   E - +0 ring mail {rN+}
rPois    .         Spirit   .   (no helmet)
rElec    .         Reflect  .   j - +1 cloak
rCorr    .         Harm     .   (no gloves)
MR       .....                  (no boots)
Stlth    ++........             h - amulet of rage
HPRegen  0.19/turn              (no ring)
MPRegen  0.12/turn              (no ring)

@: mighty, marked, hasted, very quick
A: small, mutation resistance 1
a: Evoke Berserk Rage


You were on level 9 of the Dungeon.
You were not hungry.

You visited 1 branch of the dungeon, and saw 9 of its levels.

You collected 249 gold pieces.

Inventory:

Hand Weapons
 a - a +0 war axe (weapon)
 i - a +0 dagger
 o - a +0 shortbow
 t - a +0 short sword
 y - a +1 flail of draining
Missiles
 e - 177 stones (quivered)
 q - 55 sling bullets
 s - 16 poisoned needles
 x - 96 arrows
Armour
 c - a +0 shield (worn)
 j - a +1 cloak (worn)
 u - a +0 leather armour of magic resistance
 E - a +0 ring mail of positive energy (worn)
Magical Staves
 b - a cursed staff of earth {unknown}
Jewellery
 h - an amulet of rage (around neck)
 m - an uncursed ring of see invisible {unknown}
 n - an uncursed ring of see invisible {unknown}
Wands
 D - a wand of acid (10)
Scrolls
 k - 2 scrolls of fear
 l - 3 scrolls of teleportation
 p - a scroll of amnesia
 z - a scroll of remove curse
Potions
 g - 2 potions of resistance
 r - a potion of curing
 v - a potion of flight
 B - a potion of brilliance
 F - a potion of magic {unknown}
Comestibles
 f - 9 rations


   Skills:
 * Level 4.5 Fighting
 * Level 3.6 Short Blades
 + Level 6.1 Axes
 * Level 5.5 Armour
 * Level 3.2 Dodging
 * Level 3.8 Stealth
 + Level 5.1 Shields
 * Level 2.9 Evocations


You had 8 spell levels left.
You didn't know any spells.
Your spell library was empty.

Dungeon Overview and Level Annotations

Branches:
Dungeon (9/15)
 Temple: D:4-7         Lair: D:8-11         Orc: D:9-12

Altars:
Ashenzari
Dithmenos
Fedhas
Makhleb
Nemelex Xobeh
Qazlal
Uskayaw
Xom

Annotations:
D:6 Sigmund
D:7 exclusion: downstairs


Innate Abilities, Weirdness & Mutations

You are small and have problems with some larger weapons.
You are somewhat resistant to further mutation.


Message History

The killer bee stings you.
* * * LOW HITPOINT WARNING * * *
The killer bee barely misses you.
You barely miss the killer bee. You block the killer bee's attack.
The killer bee stings you.
* * * LOW HITPOINT WARNING * * *
You block the killer bee's attack.
You feel yourself speed up. The killer bee misses you. x2
You hit the killer bee.
The killer bee is lightly wounded.
The killer bee misses you.
A worker ant comes into view.
The killer bee misses you.
There is a stone staircase leading up here.
Your ring mail prevents you from hitting the killer bee.
The killer bee is lightly wounded.
You slash the leopard gecko!
You kill the leopard gecko!
You block the killer bee's attack. The killer bee stings you!
You die...

.........#.....## ..
##.................
#..
#..................
#..###...#
#............
#..#....##
#...........
#.......###.......(...
#........##.##.......
#........##...a...#..
#.@yF..##..........
##.....H..†.........
#........##.#.......
##........####.###.#
##..#.....# ### ###
##.###...# ### #####


You could see a hippogriff, a bullfrog and a killer bee.

Vanquished Creatures
  An ice beast (D:9)
  5 ogres
  2 centaurs
  2 bullfrogs
  A scorpion (D:4)
  4 killer bees
  A crimson imp (D:6)
  2 bullfrog zombies
  2 hounds
  A jelly (D:7)
  3 orc wizards
  A bullfrog skeleton (D:4)
  Natasha (thrice) (D:4)
  6 worker ants
  A howler monkey zombie (D:6)
  8 adders
  3 adder skeletons
  A worm (D:2)
  A dart slug (D:4)
  2 leopard geckos
  9 orcs
  A ball python (D:6)
  3 giant cockroaches
  4 goblins
  5 hobgoblins
  2 jackals (D:5)
  A ball python skeleton (D:4)
  4 bats
  4 frilled lizards
  2 giant cockroach zombies
  7 kobolds
  A leopard gecko skeleton (D:5)
  3 rats
96 creatures vanquished.

Notes
Turn   | Place    | Note
-------+----------+-------------------------------------------
     0 | D:1      | Acheron the Halfling Fighter began the quest for the Orb.
     0 | D:1      | Reached XP level 1. HP: 15/15 MP: 1/1
   130 | D:1      | Reached XP level 2. HP: 20/20 MP: 2/2
   745 | D:2      | Reached XP level 3. HP: 25/25 MP: 3/3
   991 | D:2      | Found a sparkling altar of Nemelex Xobeh.
  1005 | D:2      | Reached XP level 4. HP: 24/31 MP: 4/4
  1339 | D:2      | Reached skill level 3 in Axes
  2034 | D:4      | Noticed Natasha
  2034 | D:4      | Noticed a centaur
  2043 | D:4      | Killed a centaur
  2043 | D:4      | Reached XP level 5. HP: 13/36 MP: 5/5
  2048 | D:4      | Killed Natasha
  2048 | D:4      | Reached skill level 4 in Axes
  2315 | D:5      | Entered Level 5 of the Dungeon
  2324 | D:5      | Noticed an ice beast
  2378 | D:4      | Reached XP level 6. HP: 34/42 MP: 6/6
  2566 | D:4      | Noticed an ogre
  2588 | D:4      | Killed an ogre
  2708 | D:4      | Found a shimmering altar of Xom.
  2709 | D:4      | Found a shimmering altar of Xom.
  2738 | D:4      | Noticed Natasha
  2744 | D:4      | Killed Natasha
  3039 | D:4      | Reached skill level 1 in Short Blades
  3039 | D:4      | Reached skill level 1 in Dodging
  3039 | D:4      | Reached skill level 1 in Stealth
  3039 | D:4      | Reached XP level 7. HP: 39/46 MP: 7/7
  3127 | D:4      | Found a blossoming altar of Fedhas.
  3149 | D:4      | Noticed Natasha
  3169 | D:4      | Killed Natasha
  3479 | D:4      | Reached skill level 1 in Evocations
  3563 | D:4      | Found a shimmering altar of Xom.
  3564 | D:4      | Found a shimmering altar of Xom.
  3890 | D:6      | Reached skill level 5 in Axes
  3976 | D:5      | Reached XP level 8. HP: 51/54 MP: 9/9
  4189 | D:5      | Found a shattered altar of Ashenzari.
  4198 | D:5      | Found a stormy altar of Qazlal.
  4199 | D:5      | Found a burning altar of Makhleb.
  4200 | D:5      | Found a shimmering altar of Xom.
  4201 | D:5      | Found a hide-covered altar of Uskayaw.
  4202 | D:5      | Found a shadowy altar of Dithmenos.
  4576 | D:6      | Noticed Sigmund
  4605 | D:6      | Reached skill level 5 in Armour
  5435 | D:6      | Reached skill level 5 in Shields
  5585 | D:6      | Reached XP level 9. HP: 54/59 MP: 10/10
  5738 | D:7      | Found a burning altar of Makhleb.
  5836 | D:7      | Reached skill level 6 in Axes
  6218 | D:9      | Noticed a hippogriff
  6234 | D:9      | HP: 1/59 [killer bee (4)]
  6245 | D:9      | Slain by a killer bee

Skill      XL: |  1  2  3  4  5  6  7  8  9 |
---------------+----------------------------+-----
Fighting       | 3 4 |  4.5
Axes           | 3 4 5 6 |  6.1
Shields        | 4 5 |  5.1
Armour         | 4 5 |  5.5
Short Blades   | 1 2 3 |  3.6
Dodging        | 1 2 3 |  3.2
Stealth        | 1 2 3 |  3.8
Evocations     | 1 2 |  2.9

Action                   |  1- 3 |  4- 6 |  7- 9 || total
-------------------------+-------+-------+-------++-------
Melee: War axe           |    65 |   113 |   234 ||   412
Throw: Stone             |       |     3 |       ||     3
 Abil: Evoke Berserk Rag |       |     1 |     4 ||     5
Evoke: Wand              |       |       |     1 ||     1
  Use: Scroll            |     3 |     3 |     9 ||    15
       Potion            |       |     1 |     6 ||     7
 Stab: Sleeping          |       |       |     4 ||     4
  Eat: Chunk             |       |     6 |     7 ||    13
       Ration            |       |     1 |     2 ||     3
Armor: Scale mail        |    24 |    42 |    33 ||    99
       Ring mail         |       |       |    60 ||    60
Dodge: Dodged            |    28 |    39 |   166 ||   233
Block: Shield            |    36 |    55 |   170 ||   261
